 Dungeon Crawl Stone Soup version 0.30-a0-777-ga9a30cbeda (console) character file.

Game seed: 17904812983943276466

35 rlgrobin the Covered (level 3, -2/32 HPs)
             Began as an Armataur Fighter on Feb 15, 2023.
             Slain by an orc wizard
             ... wielding a +0 dagger
              (4 damage)
             ... on level 3 of the Dungeon.
             The game lasted 00:00:50 (132 turns).

rlgrobin the Covered (Armataur Fighter)              Turns: 132, Time: 00:00:51

Health: -2/32      AC:  6    Str: 21    XL:     3   Next: 17%
Magic:  3/3        EV:  7    Int:  8    God:
Gold:   21         SH:  4    Dex: 11    Spells: 2/2 levels left

rFire   . . .      SeeInvis .    a - +0 war axe
rCold   . . .      Faith    .    c - +0 buckler
rNeg    . . .      Spirit   .    b - +0 scale mail
rPois   .          Reflect  .    h - +0 hat
rElec   .          Harm     .    (no cloak)
rCorr   .          Roll     +    (no gloves)
Will    .....                    (no barding) Stlth
                                 (no amulet)
HPRegen 0.25/turn                (no ring)
MPRegen 0.08/turn                (no ring)

@: mighty
A: large, rugged brown scales 3, deformed body, armoured tail, roll, long
tongue, awkward tongue
a: no special abilities


You were on level 3 of the Dungeon.
You visited 1 branch of the dungeon, and saw 3 of its levels.

You collected 21 gold pieces.

Inventory:

Hand Weapons
 a - a +0 war axe (weapon)
Armour
 b - a +0 scale mail (worn)
 c - a +0 buckler (worn)
 h - a +0 hat (worn)
Scrolls
 f - a scroll of noise {unknown}
 g - a scroll of vulnerability {unknown}
Potions
 e - a potion of haste {unknown}
 i - a potion of attraction {unknown}


   Skills:
 - Level 2.6 Fighting
 + Level 3.0 Axes
 - Level 3.6 Armour
 - Level 3.2 Shields


You had 2 spell levels left.
You didn't know any spells.
Your spell library was empty.

Dungeon Overview and Level Annotations

Branches:
Dungeon (3/15)

Altars:


Innate Abilities, Weirdness & Mutations

You are completely covered in rugged brown scales. (AC +3, +7% HP)
Armour fits poorly on your strangely shaped body.
You have a long armoured tail.
You roll when moving toward enemies. (Rampage)
Your long tongue fully drains potion bottles. (2x potion effects)
Your tongue gives you trouble enunciating. (1.5x scroll delay)


Message History

Something unexpectedly blocked you, preventing you from rolling!
You barely miss something. You hit the orc priest.
The orc wizard mumbles some strange words.
The orc wizard flickers and vanishes!
The orc priest hits you with a +0 club. x2
You hear a shout!
You barely miss the orc. You closely miss something. You hit the orc priest.
The orc barely misses you. Something hits you but does no damage.
The orc priest hits you with a +0 club.
You closely miss the orc priest.
Your tail-slap misses the orc priest.
The orc priest is severely wounded.
You slash the orc!
You kill the orc!
You hit something. The orc priest completely misses you.
You hear some strange, mumbled words.
A magic dart appears from out of thin air!
The magic dart hits you.
* * * LOW HITPOINT WARNING * * *
Something hits you but does no damage.
The orc priest looks encouraged for a moment.
You slice the orc priest!!
You kill the orc priest!
You closely miss something. You hit something. Something hits you.
* * * LOW HITPOINT WARNING * * *
You block something's attack.
Your Axes skill increases to level 3!
You have reached level 2!
You have reached level 3!
Your experience leads to an increase in your attributes!
Increase (S)trength, (I)ntelligence, or (D)exterity?
You feel agile. x2
Something hits you but does no damage. x2
You barely miss something.
Your tail-slap misses something.
You barely miss something. You block something's attack.
Something hits you but does no damage.
You completely miss something.
Your tail-slap misses something.
You miss something. Something hits you but does no damage.
The orc hits you with a +0 short sword.
* * * LOW HITPOINT WARNING * * *
Something hits you.
You die...

##### ...#
#)#####.#
##..o....#
#..@{#####
##.##.#
###8.8#.#
#.......#
#.#8.8###
#.##.## #
#..# #.##
#.#


You could see an orc.

Vanquished Creatures
  An orc priest (D:3)
  An orc (D:3)
  An endoplasm (D:3)
  A ball python (D:1)
  2 kobolds (D:1)
  A rat (D:1)
7 creatures vanquished.

Notes
Turn   | Place    | Note
-------+----------+-------------------------------------------
     0 | D:1      | rlgrobin the Armataur Fighter began the quest for the Orb.
     0 | D:1      | Reached XP level 1. HP: 19/19 MP: 1/1
   120 | D:3      | Noticed an orc priest
   120 | D:3      | Noticed an orc wizard
   125 | D:3      | Noticed an orc wizard
   129 | D:3      | Killed an orc priest
   130 | D:3      | Reached XP level 2. HP: 3/26 MP: 2/2
   130 | D:3      | Reached XP level 3. HP: 4/32 MP: 3/3
   132 | D:3      | Slain by an orc wizard

Illustrated notes

Levels and vault maps discovered:
D:1:      erik_arrival_triangle_medium, layout_rooms
D:2:      layout_rooms, feat_on_display, uniq_robin
D:3:      layout_basic, tgw_fedhas, lemuel_round_altar,
          nicolae_gozag_zags_fifth_avenue, small_statue_intersection

Skill      XL: |  1 |
---------------+----+-----
Axes           | 3 |  3.0
Fighting       | |  2.6
Armour         | |  3.6
Shields        | |  3.2

Action                     || total
---------------------------++-------
  Melee: War axe           ||    20
         Tailslap          ||     1
    Use: Potion            ||     1
 Armour: Scale mail        ||    10
  Dodge: Dodged            ||     7
  Block: Buckler           ||     5

Table legend: (Time is in decaauts)
 A = Elapsed time spent in this place.
 B = Non-inter-level travel time spent in this place.
 C = Inter-level travel time spent in this place.
 D = Time resting spent in this place.
 E = Time spent auto-exploring this place.
 F = Levels seen in this place.
 G = Mean time per level.
                   A        B        C        D        E       F      G
               +--------+--------+--------+--------+--------+-----+--------+
         Total |    139 |    139 |      0 |      0 |      0 |   3 |   46.3 |
       Dungeon |    139 |    139 |      0 |      0 |      0 |   3 |   46.3 |
               +--------+--------+--------+--------+--------+-----+--------+

Top non-repeatable levels by time:
     D:1: 89 daAuts
     D:3: 42 daAuts
     D:2: 7 daAuts
